Selects Australian Defense Battlegroup
Selects Australian Light Infantry Section
Construct Section Command Post
Selects CMP 15cwt Supply Run
Construct Platoon Command Post
6-pounder Anti-tank Gun Team
Unlock Bishop Self-propelled Artillery
Bishop Self-propelled Artillery
Selects Reinforced Resource Caches
Bishop Self-propelled Artillery
Construct Field Infirmary
Construct Company Command Post
Selects Archer Tank Destroyer
Selects Defensive Tactics